 Dungeon Crawl Stone Soup version 0.27-a0-1188-g73eefd5def (webtiles) character file.

Game seed: 5259383008694163301

88 CowFu the Cudgeller (level 4, 0/28 HPs)
             Began as a Gargoyle Fighter on May 20, 2021.
             Was a Follower of Makhleb.
             Killed from afar by Ijyb (3 damage)
             ... with a bolt of acid
             ... on level 3 of the Dungeon.
             The game lasted 00:01:56 (2403 turns).

CowFu the Cudgeller (Gargoyle Fighter)              Turns: 2403, Time: 00:01:57

Health: 0/28       AC: 13    Str: 21    XL:     4   Next: 53%
Magic:  4/4        EV:  7    Int:  8    God:    Makhleb [*.....]
Gold:   91         SH:  9    Dex:  9    Spells: 3/3 levels left

rFire    . . .     SeeInvis .   a - +0 flail
rCold    . . .     Faith    .   c - +0 kite shield
rNeg     + . .     Spirit   .   b - +0 scale mail
rPois    ∞         Reflect  .   (no helmet)
rElec    +         Harm     .   (no cloak)
rCorr    .         Rampage  .   j - +2 pair of gloves
Will     .....                  (no boots)
Stlth    ..........             (no amulet)
HPRegen  0.09/turn              (no ring)
MPRegen  0.09/turn              (no ring)

@: mighty
A: sickness immunity, AC +3, negative energy resistance 1, electricity
resistance, torment resistance 1, petrification resistance
a: Renounce Religion


You were on level 3 of the Dungeon.
You worshipped Makhleb.
Makhleb was aware of your devotion.
You visited 1 branch of the dungeon, and saw 3 of its levels.

You collected 91 gold pieces.

Inventory:

Hand Weapons
 a - a +0 flail (weapon)
Missiles
 o - 8 boomerangs of dispersal (quivered)
Armour
 b - a +0 scale mail (worn)
 c - a +0 kite shield (worn)
 j - a +2 pair of gloves (worn)
Scrolls
 e - 2 scrolls of immolation {unknown}
 f - a scroll of amnesia {unknown}
 g - a scroll of enchant weapon {unknown}
 h - a scroll of noise {unknown}
 i - a scroll of fog {unknown}
 l - 3 scrolls of identify {unknown}
Potions
 k - a potion of heal wounds {unknown}
 m - a potion of magic {unknown}
 n - a potion of cancellation {unknown}


   Skills:
 - Level 3.2 Fighting
 + Level 4.6 Maces & Flails
 - Level 3.2 Armour
 - Level 3.2 Shields


You had 3 spell levels left.
You didn't know any spells.
Your spell library contained the following spells:

 Spells                   Type           Power      Damage    Failure   Level
 Beastly Appendage        Tmut           0%         N/A       99%         1
 Wereblood                Tmut           0%         N/A       100%        2
 Spider Form              Tmut/Pois      0%         N/A       100%        3
 Ice Form                 Ice/Tmut       0%         N/A       100%        4
 Hydra Form               Tmut           0%         N/A       100%        5


Dungeon Overview and Level Annotations

Branches:
Dungeon (3/15)

Altars:
Makhleb

Annotations:
D:3 Ijyb


Innate Abilities, Weirdness & Mutations

You are immune to sickness and miasma.
Your stone body is resilient. (AC +3)
You are immune to poison.
You resist negative energy. (rN+)
You are resistant to electric shocks. (rElec)
You are resistant to unholy torment.
You are immune to petrification.


Message History

You hit Ijyb but do no damage.
Ijyb is lightly wounded.
You block Ijyb's attack. Ijyb hits you with a +0 dagger.
Your shield prevents you from hitting Ijyb.
Ijyb is lightly wounded.
Ijyb hits you with a +0 dagger.
You sock Ijyb!
Ijyb is heavily wounded.
Ijyb hits you but does no damage.
You hit Ijyb but do no damage.
Ijyb is heavily wounded.
Ijyb hits you but does no damage.
Ijyb zaps a wand.
The bolt of acid hits you!
You are splashed with acid!
* * * LOW HITPOINT WARNING * * *
You are too injured to fight recklessly!
You are too injured to fight recklessly!
You are too injured to fight recklessly!
You are too injured to fight recklessly!
You are too injured to fight recklessly!
You are too injured to fight recklessly!
You are too injured to fight recklessly!
You are too injured to fight recklessly!
You are too injured to fight recklessly!
You are too injured to fight recklessly!
You are too injured to fight recklessly!
You are too injured to fight recklessly!
You are too injured to fight recklessly!
You feel very mighty all of a sudden. Ijyb completely misses you.
You barely miss Ijyb.
Ijyb is moderately wounded.
You block Ijyb's attack.
You barely miss Ijyb.
Ijyb is moderately wounded.
Ijyb grins evilly.
You block Ijyb's attack.
You barely miss Ijyb.
Ijyb is moderately wounded.
Ijyb hits you but does no damage.
Ijyb zaps a wand.
The bolt of acid hits you.
You die...

# #.# # #.# ######.#
..[..#.###########
................>. #
####.#...###.###.###.###
# #.###'###..).........
# # ##...##.....g..(# ##
##.....## #@# .#
#.8.).8.## #.# .#
#.#.....#.###.#
.##...8...8...##.#
..+.....(.....'..#
#.#...8...8...#..#
#.##.#.....#.###.#
...##.8...8.## #.#
##.###.....## #..


You could see Ijyb.

Vanquished Creatures
  An orc wizard (D:3)
  A worm (D:2)
  4 orcs (D:3)
  4 bats
  6 endoplasms
  A giant cockroach (D:1)
  5 hobgoblins
  7 jackals (D:1)
  5 kobolds
  2 quokkas
  5 ball pythons
  5 frilled lizards
  6 rats
52 creatures vanquished.

Notes
Turn   | Place    | Note
-------+----------+-------------------------------------------
     0 | D:1      | CowFu the Gargoyle Fighter began the quest for the Orb.
     0 | D:1      | Reached XP level 1. HP: 14/14 MP: 1/1
   464 | D:1      | Reached XP level 2. HP: 19/19 MP: 2/2
   622 | D:1      | Reached skill level 3 in Maces & Flails
   963 | D:1      | Reached XP level 3. HP: 19/23 MP: 3/3
  1568 | D:2      | Found a faded altar of an unknown god.
  1594 | D:2      | Became a worshipper of Makhleb the Destroyer
  1594 | D:2      | Reached * piety under Makhleb
  1697 | D:2      | Reached skill level 4 in Maces & Flails
  2207 | D:3      | Reached XP level 4. HP: 20/28 MP: 4/4
  2391 | D:3      | Noticed Ijyb
  2403 | D:3      | Killed from afar by Ijyb

Illustrated notes

Levels and vault maps discovered:
D:1:      psy_arrival_whirlpool, layout_basic
D:2:      layout_loops_ring, chequers_ecumenical_altar_simple_redux,
          minmay_misc_feat_secret_circle, st_stairs_1
D:3:      layout_basic, lemuel_round_altar, dk_noncrumbling_3, uniq_ijyb

Skill      XL: |  1  2  3 |
---------------+----------+-----
Maces & Flails | 3 4 |  4.6
Fighting       | |  3.2
Armour         | |  3.2
Shields        | |  3.2

Action                   |  1- 3 |  4- 6 || total
-------------------------+-------+-------++-------
Melee: Flail             |   185 |    34 ||   219
  Use: Potion            |       |     1 ||     1
Armor: Scale mail        |   124 |    23 ||   147
Dodge: Dodged            |    52 |    11 ||    63
Block: Kite shield       |   112 |    22 ||   134

Table legend: (Time is in decaauts)
 A = Elapsed time spent in this place.
 B = Non-inter-level travel time spent in this place.
 C = Inter-level travel time spent in this place.
 D = Time resting spent in this place.
 E = Time spent auto-exploring this place.
 F = Levels seen in this place.
 G = Mean time per level.
                   A        B        C        D        E       F      G
               +--------+--------+--------+--------+--------+-----+--------+
         Total |   2503 |   2417 |     86 |      0 |   1936 |   3 |  834.3 |
       Dungeon |   2503 |   2417 |     86 |      0 |   1936 |   3 |  834.3 |
               +--------+--------+--------+--------+--------+-----+--------+

Top non-repeatable levels by time:
     D:1: 1365 daAuts
     D:2: 920 daAuts
     D:3: 217 daAuts
